 Dungeon Crawl Stone Soup version 0.30-a0-390-g80c34de65d (webtiles) character file.

Game seed: 17974301378061233326

117 Ekaitz the Insei (level 5, -3/44 HPs)
             Began as a Naga Transmuter on Dec 4, 2022.
             Slain by a gnoll
             ... wielding a +0 club
              (6 damage)
             ... on level 3 of the Dungeon.
             The game lasted 00:04:23 (2481 turns).

Ekaitz the Insei (Naga Transmuter)                  Turns: 2481, Time: 00:04:24

Health: -3/44      AC:  9    Str: 13    XL:     5   Next: 1%
Magic:  5/8        EV: 10    Int: 13    God:
Gold:   167        SH:  0    Dex: 13    Spells: 1/8 levels left

rFire   . . .      SeeInvis +      - Unarmed
rCold   . . .      Faith    .    (no shield)
rNeg    . . .      Spirit   .    a - +0 robe
rPois   +          Reflect  .    t - +1 helmet
rElec   .          Harm     .    o - +2 cloak
rCorr   .          Rampage  .    p - +1 pair of gloves
Will    .....                    (no barding)
Stlth   ++........               (no amulet)
HPRegen 0.27/turn                (no ring)
MPRegen 0.11/turn                (no ring)

@: wereblooded, very slow
A: AC +1, large, see invisible, deformed body, poison resistance, slowness 2,
spit poison 1, naga tail 1
a: Spit Poison


You were on level 3 of the Dungeon.
You visited 1 branch of the dungeon, and saw 4 of its levels.

You collected 167 gold pieces.

Inventory:

Missiles
 d - 24 stones
 q - 6 poisoned darts
Armour
 a - a +0 robe (worn)
 f - a scarf of repulsion
 l - a +0 kite shield
 m - the +1 ring mail of the Hunter {rC+ Slay+4}
   (You found it on level 3 of the Dungeon)

   Slay:      It affects your accuracy & damage with ranged weapons and melee
   (+4).
   rC:        It protects you from cold.
 o - a +2 cloak (worn)
 p - a +1 pair of gloves (worn)
 t - a +1 helmet (worn)
Wands
 j - a wand of paralysis (7)
Scrolls
 c - 3 scrolls of teleportation {unknown}
 h - 4 scrolls of identify {unknown}
 k - 2 scrolls of fog {unknown}
 n - a scroll of summoning {unknown}
 s - a scroll of acquirement {unknown}
Potions
 b - a potion of lignification
 e - a potion of curing {unknown}
 g - a potion of cancellation {unknown}
 i - a potion of flight {unknown}
 r - a potion of heal wounds {unknown}
 u - a potion of resistance {unknown}


   Skills:
 * Level 1.5 Fighting
 * Level 2.0 Dodging
 + Level 1.5 Stealth
 * Level 4.3 Unarmed Combat
 + Level 2.3 Spellcasting
 + Level 2.0 Transmutations
 * Level 1.9 Poison Magic


You had one spell level left.
You knew the following spells:

 Your Spells              Type           Power      Damage    Failure   Level
a - Beastly Appendage     Tmut           12%        N/A       11%         1
b - Wereblood             Tmut           6%         N/A       16%         2
c - Spider Form           Tmut/Pois      6%         N/A       32%         3
s - Sting                 Tmut/Pois      24%        1d4       11%         1

Your spell library contained the following spells:

 Spells                   Type           Power      Damage    Failure   Level
 Poisonous Vapours        Pois/Air       8%         N/A       26%         2
 Blink                    Tloc           2%         N/A       36%         2
 Momentum Strike          Conj/Tloc      2%         3d8       36%         2
 Searing Ray              Conj           2%         2d4       36%         2
 Lesser Beckoning         Tloc           2%         N/A       58%         3
 Olgreb's Toxic Radiance  Pois           6%         N/A       73%         4
 Ice Form                 Ice/Tmut       4%         N/A       85%         4
 Summon Hydra             Summ           0%         N/A       100%        7
 Summon Horrible Things   Summ           0%         N/A       100%        8


Dungeon Overview and Level Annotations

Branches:
Dungeon (4/15)
 Temple: D:4-7

Altars:
Uskayaw

Annotations:
D:3 2 transporters, pokeman's ghost, amateur DEHW


Innate Abilities, Weirdness & Mutations

Your serpentine skin is tough. (AC +1)
You have supernaturally acute eyesight. (SInv)
Armour fits poorly on your strangely shaped body.
Your system is resistant to poisons. (rPois)
You cover ground very slowly.
You can spit poison.
You have a snake-like lower body.


Message History

You have reached level 5!
Aiming: Spit Poison (1% risk of failure)
Press: ? - help, Shift-Dir - straight line, f - gnoll
Aim: a gnoll, wielding a +0 club (covering ground quickly, 65% to hit)
The splash of poison hits the gnoll.
The gnoll is heavily wounded.
The gnoll is no longer moving quickly.
The gnoll completely misses you. The gnoll misses you.
You barely miss the gnoll.
The gnoll is heavily wounded.
The gnoll closely misses you. The gnoll hits you but does no damage.
You hit the gnoll.
The gnoll is almost dead.
The gnoll hits you with a +0 club.
* * * LOW HITPOINT WARNING * * *
The gnoll hits you with a +0 club.
* * * LOW HITPOINT WARNING * * *
Your magical contamination has completely faded away.
You hit the gnoll but do no damage.
The gnoll is almost dead.
You have got your breath back.
The gnoll hits you but does no damage. The gnoll closely misses you.
Unknown command.
You hit the gnoll but do no damage.
The gnoll is almost dead.
You howl as the wereblood boils in your veins!
The gnoll hits you with a +0 club.
* * * LOW HITPOINT WARNING * * *
The gnoll barely misses you.
Unknown command.
You barely miss the gnoll.
The gnoll is almost dead.
The gnoll hits you but does no damage.
Unknown command.
You barely miss the gnoll.
The gnoll is almost dead.
You howl as the wereblood boils in your veins!
The gnoll is no longer moving quickly.
The gnoll barely misses you. The gnoll hits you with a +0 club.
You die...

.♣♣ #.# #.##....#
##+## ..♣ #.#
#.......# #.# ..♣
#.# ######.##
####†# .♣♣ #.#
####.#### ##....##
♣♣### #.#
#.......###......#
♣##.#####.#
#.##.##.##........
##........#
#.##.............#
##..#######
#)#####.##.......#
....#
#@#####.###.......
##.## #gg.....#
##....## ...#
######### ####.#
######## #.#
.......# #.#
.......# #.#
#####..# ### #.#
....#..# ##.## #.#
....#..#
##.#.#######.#


You could see 2 gnolls.

Vanquished Creatures
  Ijyb (D:3)
  Robin (D:3)
  3 adders (D:3)
  A gnoll (D:3)
  A dart slug (D:1)
  5 endoplasms
  3 giant cockroaches
  7 goblins
  6 hobgoblins
  A quokka (D:1)
  2 ball pythons
  3 bats
  2 frilled lizards
  4 kobolds (D:1)
  3 rats (D:1)
43 creatures vanquished.

Notes
Turn   | Place    | Note
-------+----------+-------------------------------------------
     0 | D:1      | Ekaitz the Naga Transmuter began the quest for the Orb.
     0 | D:1      | Reached XP level 1. HP: 18/18 MP: 3/3
   194 | D:1      | Reached XP level 2. HP: 22/25 MP: 1/5
   492 | D:1      | Learned a level 2 spell: Wereblood
   674 | D:1      | Got the Grimoire of the Creative Barrage
   912 | D:2      | Reached XP level 3. HP: 31/31 MP: 4/6
   916 | D:2      | Learned a level 3 spell: Spider Form
  1087 | D:2      | Found a hide-covered altar of Uskayaw.
  1412 | D:3      | Identified the +1 ring mail of the Hunter {rC+ Slay+4}
  1556 | D:3      | Noticed Ijyb
  1576 | D:3      | Killed Ijyb
  1577 | D:3      | Reached skill level 4 in Unarmed Combat
  1577 | D:3      | Reached skill level 1 in Poison Magic
  1577 | D:3      | Reached XP level 4. HP: 28/38 MP: 2/7
  1828 | D:3      | Reached skill level 1 in Stealth
  1898 | D:3      | Found a transporter.
  1900 | D:3      | Found a transporter.
  1900 | D:3      | Noticed pokeman's ghost (amateur DEHW)
  1981 | D:3      | Noticed Robin
  2000 | D:3      | Killed Robin
  2134 | D:3      | Learned a level 1 spell: Sting
  2475 | D:3      | Reached XP level 5. HP: 8/44 MP: 4/8
  2481 | D:3      | Slain by a gnoll

Illustrated notes

Levels and vault maps discovered:
D:1:      amcnicky_arrival_flooded_fountain, layout_loops_ring, minivault_23,
          minmay_distorted
D:2:      layout_rooms, basic_altar
D:3:      layout_loops_corners, gammafunk_ghost_mausoleum,
          kennysheep_generic_room_3, uniq_robin, uniq_ijyb
D:4:      layout_cave_pools, hangedman_abyss_or_decor_stagger, uniq_natasha

Skill      XL: |  1  2  3  4 |
---------------+-------------+-----
Unarmed Combat | 4 |  4.3
Poison Magic   | 1 |  1.9
Stealth        | 1 |  1.5
Dodging        | 2 |  2.0
Fighting       | |  1.5
Spellcasting   | |  2.3
Transmutations | |  2.0

Action                   |  1- 3 |  4- 6 || total
-------------------------+-------+-------++-------
Melee: Unarmed           |    95 |    45 ||   140
       Headbutt          |     5 |     1 ||     6
       Punch             |     4 |     1 ||     5
 Cast: Beastly Appendage |     9 |     1 ||    10
       Wereblood         |     1 |     2 ||     3
       Sting             |       |     1 ||     1
 Abil: Spit Poison       |     6 |     3 ||     9
Armor: Robe              |    23 |    36 ||    59
Dodge: Dodged            |    55 |    33 ||    88
       Repelled          |     1 |       ||     1

Table legend: (Time is in decaauts)
 A = Elapsed time spent in this place.
 B = Non-inter-level travel time spent in this place.
 C = Inter-level travel time spent in this place.
 D = Time resting spent in this place.
 E = Time spent auto-exploring this place.
 F = Levels seen in this place.
 G = Mean time per level.
                   A        B        C        D        E       F      G
               +--------+--------+--------+--------+--------+-----+--------+
         Total |   3206 |   3084 |    122 |     12 |   2616 |   4 |  801.5 |
       Dungeon |   3206 |   3084 |    122 |     12 |   2616 |   4 |  801.5 |
               +--------+--------+--------+--------+--------+-----+--------+

Top non-repeatable levels by time:
     D:3: 1390 daAuts
     D:1: 1142 daAuts
     D:2: 661 daAuts
     D:4: 12 daAuts
